 Dungeon Crawl Stone Soup version 0.15-a0-1309-g3520d71 (webtiles) character file.

475 Quh the Slasher (level 6, -2/47 HPs)
             Began as a Demonspawn Abyssal Knight on June 7, 2014.
             Was a Priest of Lugonu.
             Slain by an ice beast (9 damage)
             ... on Level 5 of the Dungeon.
             The game lasted 00:16:06 (5811 turns).

Quh the Slasher (Demonspawn Abyssal Knight)         Turns: 5811, Time: 00:16:06

HP  -2/47        AC  5     Str 15      XL: 6   Next: 84%
MP   8/8         EV  9     Int 13      God: Lugonu [***...]
Gold 188         SH  4     Dex 14      Spells:  0 memorised,  5 levels left

rFire  . . .     SeeInvis .     a - +2 falchion
rCold  . . .     Clarity  .     b - +0 leather armour
rNeg   . . .     rCorr    .     w - +1 buckler (curse)
rPois  .         rRot     .     g - +1 helmet
rElec  .         Spirit   .     (no cloak)
SustAb .         Warding  .     (no gloves)
rMut   .         Stasis   .     (no boots)
Gourm  .                        (no amulet)
MR     .....                    (no ring)
                                (no ring)

@: not resistant to hostile enchantments, unstealthy
A: thin skeletal structure 1, nightstalker 1
a: Depart the Abyss, Bend Space, Banish, Renounce Religion


You were on level 5 of the Dungeon.
You worshipped Lugonu.
Lugonu was most pleased with you.
You were near starving.

You visited 1 branch of the dungeon, and saw 5 of its levels.
You visited the Abyss 1 time.
You also visited: Ossuary.

You collected 188 gold pieces.

Inventory:

Hand weapons
 a - a +2,+2 falchion (weapon)
 y - a cursed +2,+3 spear
Missiles
 j - 30 stones (quivered)
 t - 13 bolts
 A - 24 arrows
Armour
 b - a +0 leather armour (worn)
 g - a +1 helmet (worn)
 m - a +1 ring mail
 u - a cursed +0 helmet
 w - a cursed +1 buckler (worn)
Comestibles
 c - 3 bread rations
 i - a beef jerky
Scrolls
 f - a scroll of enchant weapon I
 q - 3 scrolls of amnesia
 r - 4 scrolls of identify
 s - a scroll of noise {unknown}
 v - a scroll of immolation {unknown}
 x - 5 scrolls of remove curse
Jewellery
 p - an uncursed amulet of inaccuracy
Potions
 d - 2 potions of restore abilities
 e - 4 potions of curing
 h - a potion of might {unknown}
 k - a potion of beneficial mutation {unknown}
 l - a potion of haste {unknown}
 n - a potion of brilliance {unknown}
 o - 2 potions of resistance
 z - a potion of magic {unknown}
 B - a potion of agility {unknown}
 C - a potion of heal wounds {unknown}


   Skills:
 - Level 3.0 Fighting
 * Level 6.8 Long Blades
 - Level 1.7 Armour
 - Level 0.8 Dodging
 - Level 2.4 Invocations


You had 5 spell levels left.
You didn't know any spells.

Dungeon Overview and Level Annotations

Branches:
Dungeon (5/15)
 Temple: D:4-7

Altars:


Innate Abilities, Weirdness & Mutations

You have a somewhat thin skeletal structure (Dex +2, Stealth).
You are slightly more attuned to the shadows.


Message History

The ice beast is heavily wounded.
You block the ice beast's attack.
You hit the ice beast.
The ice beast is heavily wounded.
The ice beast hits you. The ice beast freezes you!
You hit the ice beast but do no damage.
The ice beast is heavily wounded.
The ice beast barely misses you. The ice beast hits you.
The ice beast freezes you!
* * * LOW HITPOINT WARNING * * *
Drink which item? (? for menu, Esc to quit)
Okay, then.
Read which item? (? for menu, Esc to quit)
Okay, then.
You closely miss the ice beast.
The ice beast is heavily wounded.
The ice beast hits you.
* * * LOW HITPOINT WARNING * * *
The ice beast freezes you!
You die...

#....#+#...##.#..#..#
#..........##.#.[<..#
........##....#..#..#
.......#####.#.....##
.Y.....# #........#
......# ###.....#.#
l...?.# #....#....#
....####.#.#####.#
####.@.......#.#
##.#####Y..#.#.###.#
#.....(..#...#.# #.#
#........#.###.###.#
......###.. #.....#
...... ###.#######
....# ## .... ..


You could see an ice beast.

Vanquished Creatures
  An elf zombie (Ossuary)
  A jelly (D:3)
  3 centaur zombies (Ossuary)
  2 human zombies (Ossuary)
  2 big kobold zombies (Ossuary)
  3 mummies (Ossuary)
  3 adders
  2 worms (D:2)
  5 adder zombies (Ossuary)
  3 giant geckos
  An orc (D:5)
  8 giant cockroaches
  4 hobgoblins
  6 kobolds
  3 ball pythons
  12 bats
  4 giant newts
  A gnoll zombie (Ossuary)
  6 goblins
  A goblin skeleton (D:3)
  2 goblin zombies (Ossuary)
  A hobgoblin skeleton (D:3)
  3 hobgoblin zombies
  8 jackals
  2 jackal zombies (Ossuary)
  5 kobold zombies (Ossuary)
  An orc skeleton (D:3)
  An orc zombie (Ossuary)
  3 quokka zombies (Ossuary)
  6 rats
  3 rat zombies (Ossuary)
106 creatures vanquished.

Notes
Turn   | Place    | Note
--------------------------------------------------------------
     0 | Abyss:1  | Quh, the Demonspawn Abyssal Knight, began the quest for the Orb.
     0 | Abyss:1  | Reached XP level 1. HP: 18/18 MP: 1/1
    69 | Abyss:1  | Found a corrupted altar of Lugonu.
   108 | Abyss:1  | Noticed a tentacled monstrosity
   176 | Abyss:1  | Noticed a large abomination
   177 | Abyss:1  | Noticed a small abomination
   183 | Abyss:1  | Noticed a large abomination
   184 | D:1      | Escaped the Abyss
   229 | D:1      | Acquired Lugonu's first power
   429 | D:1      | Gained mutation: You are slightly more attuned to the shadows. [demonic ancestry]
   429 | D:1      | Reached XP level 2. HP: 20/24 MP: 2/2
  1190 | D:2      | Reached XP level 3. HP: 29/29 MP: 4/4
  2537 | D:2      | Reached skill level 4 in Long Blades
  2537 | D:2      | Reached XP level 4. HP: 18/35 MP: 5/5
  2920 | D:3      | Acquired Lugonu's second power
  3371 | D:3      | Gained mutation: You have a somewhat thin skeletal structure (Dex +2, Stealth). [demonic ancestry]
  3371 | D:3      | Reached XP level 5. HP: 9/41 MP: 6/6
  3665 | D:5      | Entered Level 5 of the Dungeon
  3828 | D:5      | Noticed an ice beast
  3838 | D:5      | Found a sand-covered staircase.
  3851 | Ossuary  | Entered an ossuary
  3912 | Ossuary  | Reached skill level 5 in Long Blades
  4479 | Ossuary  | Acquired Lugonu's third power
  4761 | Ossuary  | Reached XP level 6. HP: 26/47 MP: 8/8
  4986 | Ossuary  | Reached skill level 6 in Long Blades
  5811 | D:5      | Slain by an ice beast

Action                   |  1- 3 |  4- 6 || total
-------------------------+-------+-------++-------
Melee: Falchion          |   190 |   273 ||   463
Throw: Stone             |     5 |    47 ||    52
Invok: Depart the Abyss  |     1 |       ||     1
  Use: Scroll            |     6 |     5 ||    11
 Stab: Sleeping          |     2 |     8 ||    10
